 Dungeon Crawl Stone Soup version 0.27-a0-1060-gcb85b5eba1 (webtiles) character file.

Game seed: 5639698642008700963

120 1player the Vexing (level 4, 19/25 HPs)
             Began as a Vampire Enchanter on Apr 21, 2021.
             Was a Follower of Cheibriados.
             Quit the game on level 3 of the Dungeon.
             The game lasted 00:11:21 (3407 turns).

1player the Vexing (Vampire Enchanter)              Turns: 3407, Time: 00:11:22

Health: 19/25      AC:  2    Str:  7 (9)  XL:     4   Next: 75%
Magic:  7/7        EV: 12    Int: 17 (19) God:    Cheibriados [*.....]
Gold:   86         SH:  0    Dex: 15 (17) Spells: 4/7 levels left

rFire    . . .     SeeInvis +   a - +1 dagger
rCold    + + .     Faith    .   (no shield)
rNeg     + + +     Spirit   .   b - +0 robe
rPois    ∞         Reflect  .   (no helmet)
rElec    .         Harm     .   (no cloak)
rCorr    .         Rampage  .   (no gloves)
Will     .....                  (no boots)
Stlth    +++++.....             (no amulet)
HPRegen  0.08/turn              (no ring)
MPRegen  0.10/turn              (no ring)

@: bloodless, very slow
A: bloodless, fangs 3, see invisible, unbreathing 1, vampiric 2, [frail 1]
a: Bat Form, Revivify, Renounce Religion, Bend Time


You were on level 3 of the Dungeon.
You worshipped Cheibriados.
Cheibriados was aware of your devotion.
You visited 1 branch of the dungeon, and saw 3 of its levels.

You collected 86 gold pieces.

Inventory:

Hand Weapons
 a - a +1 dagger (weapon)
Missiles
 f - 10 poisoned darts
Armour
 b - a +0 robe (worn)
Wands
 k - a wand of flame (11)
Scrolls
 e - a scroll of teleportation
Potions
 c - a potion of might
 g - a potion of heal wounds {@q2}
 j - a potion of haste


   Skills:
 - Level 4.0 Fighting
 - Level 1.1 Short Blades
 - Level 2.1 Dodging
 - Level 4.4 Stealth
 - Level 2.0 Spellcasting
 + Level 4.6 Hexes


You had 4 spell levels left.
You knew the following spells:

 Your Spells              Type           Power      Damage    Failure   Level
x - Corona                Hex            18%        N/A       3%          1
z - Ensorcelled Hibernat  Hex/Ice        18%        N/A       12%         2

Your spell library contained the following spells:

 Spells                   Type           Power      Damage    Failure   Level
 Confusing Touch          Hex            17%        N/A       9%          3
 Tukima's Dance           Hex            17%        N/A       9%          3
 Dazzling Flash           Conj/Hex       18%        N/A       22%         3


Dungeon Overview and Level Annotations

Branches:
Dungeon (3/15)

Altars:
Cheibriados

Shops:
D:2 =


Innate Abilities, Weirdness & Mutations

You do not regenerate when monsters are visible.
You are frail without blood (-20% HP).
You can heal yourself when you bite living creatures.
You are immune to poison.
You have razor-sharp teeth.
You have supernaturally acute eyesight. (SInv)
You can survive without breathing.
You are afflicted with vampirism and can become a bat while bloodless.
[You are frail. (-10% HP)]


Message History

The helpless worm fails to defend itself.
You puncture the worm!
The worm is almost dead.
The worm bites you.
You hit the worm.
You kill the worm!
You start resting.
HP restored.
A quokka comes into view.
Found a faded altar of an unknown god.
You hit the quokka.
The quokka is severely wounded.
The quokka barely misses you.
You closely miss the quokka.
The quokka is severely wounded.
The quokka twitches its whiskers.
The quokka closely misses you.
You closely miss the quokka.
The quokka is heavily wounded.
The quokka barely misses you. The quokka bites you.
You hit the quokka but do no damage.
The quokka is moderately wounded.
The quokka closely misses you.
You hit the quokka.
The quokka is almost dead.
The quokka bites you.
You hit the quokka.
You kill the quokka!
You see here a quokka corpse.
There is a faded altar of an unknown god here.
You cannot tell which god this altar belongs to.
Convert to them anyway?
Okay, then.
You cannot tell which god this altar belongs to.
Convert to them anyway?
Cheibriados accepts your prayer! Cheibriados welcomes you!
Cheibriados begins to support your attributes as your movement slows.
You can now bend time to slow others.
Cheibriados is now slowing the effects of poison on you.
Cheibriados raises the support of your attributes as your movement slows.
Are you sure you want to abandon this character and quit the game? (Confirm with "yes".)

#.... #........#......
#... #.†......#......
#...##........#......
#...........!.#......
#................##..
#................##..
##......##....#...####
#.......##....#...#
#....@..##....#...#
#.......# .......#..
#...##### ....... #...
#..... #... #.r..g #..
#....# #.. #....# ..
#..... #.....


There were no monsters in sight!

Vanquished Creatures
  An orc wizard (D:3)
  3 adders
  2 worms
  2 dart slugs (D:1)
  2 orcs
  2 endoplasms (D:1)
  6 giant cockroaches
  3 hobgoblins
  2 jackals
  5 quokkas
  6 ball pythons
  4 bats
  4 frilled lizards
  5 goblins
  6 kobolds
  2 rats
55 creatures vanquished.

Notes
Turn   | Place    | Note
-------+----------+-------------------------------------------
     0 | D:1      | 1player the Vampire Enchanter began the quest for the Orb.
     0 | D:1      | Reached XP level 1. HP: 13/13 MP: 3/3
   223 | D:1      | Reached skill level 1 in Fighting
   341 | D:1      | Reached XP level 2. HP: 16/16 MP: 5/5
   494 | D:1      | Learned a level 2 spell: Ensorcelled Hibernation
  1261 | D:2      | Gained mutation: You are afflicted with vampirism and can
                  | become a bat while bloodless. [Vampire growth]
  1261 | D:2      | Reached XP level 3. HP: 19/19 MP: 6/6
  1637 | D:2      | Found Cahysch's Jewellery Shoppe.
  2217 | D:3      | Reached XP level 4. HP: 24/24 MP: 7/7
  2613 | D:3      | Found a glowing drain.
  3389 | D:3      | Found a faded altar of an unknown god.
  3406 | D:3      | Became a worshipper of Cheibriados the Contemplative
  3406 | D:3      | Reached * piety under Cheibriados
  3407 | D:3      | Quit the game

Illustrated notes

Levels and vault maps discovered:
D:1:      scummos_arrival_checkerplants, layout_basic
D:2:      layout_loops_ring, serial_shops, shop
D:3:      layout_basic, cheibrodos_sewer_entry_drain, basic_ecumenical_altar

Skill      XL: |  1  2  3  4 |
---------------+-------------+-----
Fighting       | 1 2 3 4 |  4.0
Short Blades   | |  1.1
Dodging        | |  2.1
Stealth        | |  4.4
Spellcasting   | |  2.0
Hexes          | |  4.6

Action                   |  1- 3 |  4- 6 || total
-------------------------+-------+-------++-------
Melee: Dagger            |    94 |    63 ||   157
       Bite              |     3 |     9 ||    12
 Cast: Corona            |     6 |     3 ||     9
       Ensorcelled Hiber |       |     3 ||     3
 Abil: Exsanguinate      |     2 |       ||     2
       Revivify          |     1 |       ||     1
       End Transformatio |       |     1 ||     1
       Bat Form          |       |     1 ||     1
  Use: Scroll            |     7 |       ||     7
 Stab: Sleeping          |    28 |     3 ||    31
       Distracted        |       |     1 ||     1
Armor: Robe              |    15 |    10 ||    25
Dodge: Dodged            |    39 |    57 ||    96

Table legend: (Time is in decaauts)
 A = Elapsed time spent in this place.
 B = Non-inter-level travel time spent in this place.
 C = Inter-level travel time spent in this place.
 D = Time resting spent in this place.
 E = Time spent auto-exploring this place.
 F = Levels seen in this place.
 G = Mean time per level.
                   A        B        C        D        E       F      G
               +--------+--------+--------+--------+--------+-----+--------+
         Total |   3397 |   3296 |    101 |   1322 |   1009 |   3 | 1132.3 |
       Dungeon |   3397 |   3296 |    101 |   1322 |   1009 |   3 | 1132.3 |
               +--------+--------+--------+--------+--------+-----+--------+

Top non-repeatable levels by time:
     D:2: 1825 daAuts
     D:1: 978 daAuts
     D:3: 592 daAuts
